 Dungeon Crawl Stone Soup version 0.21-a0-364-gbd1fde4 (webtiles) character file.

26141 kae the Carver (level 13, -6/104 HPs)
             Began as a Formicid Fighter on Oct 14, 2017.
             Was the Champion of Okawaru.
             Engulfed by a cloud of freezing vapour (11 damage)
             ... in an ice cave.
             The game lasted 00:18:18 (12366 turns).

kae the Carver (Formicid Fighter)                  Turns: 12366, Time: 00:18:18

Health: -6/104     AC: 19    Str: 35    XL:     13   Next: 55%
Magic:  18/20      EV: 13    Int:  8    God:    Okawaru [******]
Gold:   994        SH: 16    Dex: 10    Spells: 12/12 levels left

rFire    . . .     SeeInvis +   b - +3 scimitar (freeze) (curse)
rCold    . . .     Gourm    .   c - +0 shield
rNeg     . . .     Faith    .   B - +1 scale mail
rPois    +         Spirit   .   (helmet unavailable)
rElec    .         Reflect  .   K - +1 cloak {rPois}
rCorr    .         Harm     .   l - +2 pair of gloves
MR       +....                  C - +0 pair of boots
Stlth    +.........             (no amulet)
HPRegen  0.27/turn              y - +4 ring of strength
MPRegen  0.17/turn              u - +5 ring of strength

@: heroism
A: permanent stasis, dig shafts and tunnels, four strong arms, antennae 3
a: Dig, Shaft Self, Heroism, Finesse, Renounce Religion


You were in an ice cave.
You worshipped Okawaru.
Okawaru was exalted by your worship.
You were hungry.

You visited 3 branches of the dungeon, and saw 15 of its levels.
You also visited: Sewer and Ice Cave.

You collected 994 gold pieces.

Inventory:

Hand Weapons
 a - a +1 long sword
 b - a cursed +3 scimitar of freezing (weapon)
Armour
 c - a +0 shield (worn)
 l - a +2 pair of gloves (worn)
 B - a +1 scale mail (worn)
 C - a +0 pair of boots (worn)
 K - a +1 cloak of poison resistance (worn)
Jewellery
 u - a +5 ring of strength (right hand)
 x - an uncursed ring of poison resistance
 y - a +4 ring of strength (left hand)
 F - an uncursed ring of fire
 M - an uncursed ring of resist corrosion
 P - an uncursed amulet of regeneration {unknown}
 Q - a cursed ring of teleportation {unknown}
Wands
 k - a wand of polymorph (8/24)
 o - a wand of polymorph (19/24)
 E - a wand of paralysis (24/24)
Scrolls
 e - 9 scrolls of identify
 h - 5 scrolls of fog
 i - 9 scrolls of remove curse
 j - 3 scrolls of enchant armour
 p - 2 scrolls of enchant weapon
 z - a scroll of amnesia
 D - 2 scrolls of magic mapping
 J - a scroll of fear {unknown}
Potions
 d - 6 potions of might
 q - 2 potions of ambrosia
 s - 8 potions of heal wounds
 t - a potion of flight
 w - 5 potions of curing
 A - 2 potions of magic
 G - a potion of lignification
 I - 2 potions of invisibility
 N - a potion of brilliance
 O - 2 potions of cancellation {unknown}
Books
 m - a book of Air

   Spells                             Type                      Level
   a - Shock                          Conjuration/Air              1
   b - Swiftness                      Charms/Air                   2
   c - Static Discharge               Conjuration/Air              3
   d - Airstrike                      Air                          4
   e - Lightning Bolt                 Conjuration/Air              5
 v - a book of Battle

   Spells                             Type                      Level
   a - Infusion                       Charms                       1
   b - Shroud of Golubria             Charms/Translocation         2
   c - Song of Slaying                Charms                       2
   d - Spectral Weapon                Hexes/Charms                 3
   e - Regeneration                   Charms/Necromancy            3
 H - a book of Conjurations

   Spells                             Type                      Level
   a - Magic Dart                     Conjuration                  1
   b - Searing Ray                    Conjuration                  2
   c - Dazzling Spray                 Conjuration/Hexes            3
   d - Fulminant Prism                Conjuration/Hexes            4
   e - Force Lance                    Conjuration/Translocation    4
   f - Iskenderun's Mystic Blast      Conjuration                  4
 L - a book of Maledictions

   Spells                             Type                      Level
   a - Corona                         Hexes                        1
   b - Ensorcelled Hibernation        Hexes/Ice                    2
   c - Confuse                        Hexes                        3
   d - Tukima's Dance                 Hexes                        3
   e - Dazzling Spray                 Conjuration/Hexes            3
Comestibles
 f - 14 bread rations
 g - 22 fruits
 n - 7 royal jellies
 r - 2 meat rations


   Skills:
 + Level 10.5(15.5) Fighting
 * Level 12.8(17.8) Long Blades
 + Level 10.6(15.6) Armour
 + Level 11.5(16.5) Shields
 + Level 10.0 Invocations


You had 12 spell levels left.
You didn't know any spells.

Dungeon Overview and Level Annotations

Branches:
Dungeon (12/15)            Temple (1/1) D:4            Lair (2/6) D:11
 Spider (0/4) Lair:2          Orc (0/2) D:9
  Swamp: Lair:2-4    Shoals: Lair:2-4

Altars:
Ashenzari
Cheibriados
Dithmenos
Elyvilon
Fedhas
Gozag
Hepliaklqana
Kikubaaqudgha
Makhleb
Nemelex Xobeh
Okawaru
Qazlal
Ru
Sif Muna
Trog
Uskayaw
Vehumet
Wu Jian
Xom
Yredelemnul
Zin
The Shining One
Lugonu

Shops:
D:4 :   D:6 ?::%   D:9 %

Annotations:
IceCv exclusion: ice statue


Innate Abilities, Weirdness & Mutations

You cannot be hasted, slowed, berserked, paralysed or teleported.
You can dig through walls and to a lower floor.
Your four strong arms can wield two-handed weapons with a shield.
You have a pair of large antennae on your head. (SInv)


Message History

The freezing blast engulfs you! The ice beast completely misses you.
You riposte.
You barely miss the ice beast. You completely miss the ice statue.
The ice statue is heavily damaged.
You are engulfed in freezing vapours.
You block the ice beast's attack.
You gain the combat prowess of a mighty hero.
You are engulfed in freezing vapours.
You block the ice beast's attack.
You hit the ice statue.
The ice statue is severely damaged.
You are engulfed in freezing vapours.
The ice statue glitters chillingly in the dim dungeon light.
The ice statue gestures at you. The bolt of cold hits you!
* * * LOW HITPOINT WARNING * * *
You slice the ice statue!!
You destroy the ice statue!
Okawaru accepts your kill.
The ice beast disappears in a puff of smoke!
You are engulfed in freezing vapours.
You die...

##...# ##...##
#...####
#..###.##
##..#.#.#
##..#### ##..####
#8#...§#§##
#.....Y§@..#
#......§§§§§..#
..............#
................#
...............##
..............##
...........###
........###


You could see an ice statue and an ice beast.

Vanquished Creatures
  Gastronok (Lair:2)
  2 hydras (Lair:2)
  Erolcha (D:11)
  2 two-headed ogres (D:11)
  2 death yaks (Lair:2)
  The ghost of HAL9000 the Slicer, a journeyman VSAs of Dithmenos (D:10)
  Pikel (D:7)
  2 ugly things
  3 elephants (Lair:1)
  Maurice (D:10)
  Joseph (D:7)
  An ice statue (IceCv)
  2 black mambas (Lair:2)
  A centaur skeleton (D:12)
  A spiny frog (Lair:1)
  A komodo dragon (Lair:2)
  A rime drake (IceCv)
  2 ice devils (Lair:2)
  4 hippogriffs
  5 blink frogs (Lair:2)
  2 redbacks (Lair:2)
  A spriggan (D:7)
  A vampire (D:9)
  A wyvern (D:11)
  3 wraiths (D:8)
  14 yaks
  Grum (D:10)
  4 hungry ghosts
  Menkaure (D:7)
  4 vampire mosquitoes (D:10)
  A water moccasin (Lair:2)
  4 porcupines
  A soldier ant (D:10)
  14 ice beasts
  2 orc warriors (D:11)
  A black bear (D:11)
  A sky beast (D:8)
  An eye of draining (D:11)
  4 ogres
  5 phantoms
  2 wolves (D:10)
  A necrophage (D:8)
  4 centaurs
  The ghost of vishdafish the Charmwright, an amateur DsSk (D:3)
  3 crocodiles
  2 big kobolds (Sewer)
  12 bullfrogs
  8 scorpions
  2 troll zombies (D:8)
  21 killer bees
  3 wights (D:7)
  An electric eel (Lair:2)
  5 howler monkeys
  2 centaur zombies
  5 crimson imps
  2 hounds
  An iron imp (D:6)
  A jelly (D:6)
  4 orc priests
  4 human zombies (D:8)
  A bullfrog skeleton (D:4)
  4 orc wizards
  A human skeleton (D:8)
  4 iguanas
  8 worker ants
  6 ogre zombies (D:9)
  A hound skeleton (D:6)
  A mummy (D:8)
  4 gnolls (D:3)
  8 adders
  A river rat (Sewer)
  A shadow imp (D:10)
  3 adder skeletons
  3 worms (D:4)
  2 dart slugs (D:2)
  10 leopard geckos
  23 orcs
  10 giant cockroaches
  2 gnoll zombies (D:7)
  11 goblins
  5 hobgoblins
  7 jackals (D:3)
  9 kobolds
  5 quokkas
  4 ball pythons (Sewer)
  4 bats
  7 frilled lizards
  A goblin zombie (D:9)
  3 hobgoblin skeletons (D:9)
  2 leopard gecko skeletons
  2 orc skeletons (D:9)
  13 orc zombies (D:9)
  A quokka skeleton (D:5)
  7 rats
359 creatures vanquished.

Vanquished Creatures (others)
  5 dream sheep (D:3)
  A hound (D:7)
  A quokka (D:7)
  A fungus (D:11)
8 creatures vanquished.

Grand Total: 367 creatures vanquished

Notes
Turn   | Place    | Note
-------+----------+-------------------------------------------
     0 | D:1      | kae the Formicid Fighter began the quest for the Orb.
     0 | D:1      | Reached XP level 1. HP: 18/18 MP: 1/1
   225 | D:1      | Reached XP level 2. HP: 24/24 MP: 2/2
   880 | D:2      | Found an opulent altar of Gozag.
   973 | D:2      | Reached XP level 3. HP: 29/29 MP: 3/3
  1342 | D:3      | Reached skill level 3 in Long Blades
  1342 | D:3      | Reached XP level 4. HP: 34/37 MP: 4/4
  1359 | D:3      | Reached XP level 5. HP: 37/42 MP: 5/5
  1514 | D:3      | Noticed vishdafish's ghost (amateur DsSk)
  1529 | D:3      | Killed vishdafish's ghost
  1529 | D:3      | Reached XP level 6. HP: 36/48 MP: 6/6
  1549 | D:3      | Found a shimmering altar of Xom.
  1549 | D:3      | Noticed a dream sheep
  1549 | D:3      | Noticed a dream sheep
  1549 | D:3      | Noticed a dream sheep
  1549 | D:3      | Noticed a dream sheep
  1549 | D:3      | Noticed a dream sheep
  1555 | D:3      | Killed a dream sheep
  1555 | D:3      | Killed a dream sheep
  1555 | D:3      | Killed a dream sheep
  1555 | D:3      | Killed a dream sheep
  1555 | D:3      | Killed a dream sheep
  1682 | D:3      | Reached skill level 4 in Long Blades
  1771 | D:3      | Found a blossoming altar of Fedhas.
  2288 | D:4      | Noticed a phantom
  2350 | D:4      | Found Maopeq's Book Shoppe.
  2386 | D:4      | Killed a phantom
  2386 | D:4      | Reached skill level 5 in Shields
  2386 | D:4      | Reached XP level 7. HP: 22/55 MP: 7/7
  2590 | D:4      | Found a sacrificial altar of Ru.
  2683 | D:4      | Reached skill level 5 in Long Blades
  2720 | D:4      | Found a staircase to the Ecumenical Temple.
  2735 | Temple   | Entered the Ecumenical Temple
  2953 | D:4      | Found a deep blue altar of Sif Muna.
  3167 | D:5      | Entered Level 5 of the Dungeon
  3248 | D:5      | Found a white marble altar of Elyvilon.
  3341 | D:5      | Reached skill level 5 in Fighting
  3341 | D:5      | Reached skill level 5 in Armour
  3706 | D:5      | Found an iron altar of Okawaru.
  3724 | D:5      | Became a worshipper of Warmaster Okawaru
  3846 | D:6      | Found Peylem's Food Shop.
  3869 | D:6      | Reached XP level 8. HP: 54/62 MP: 8/8
  3897 | D:6      | Reached skill level 1 in Invocations
  3901 | D:6      | Found Omontush's Book Shop.
  3941 | D:6      | Found a snail-covered altar of Cheibriados.
  3999 | D:6      | Found Ejeshroh's Magic Scroll Shoppe.
  4049 | D:6      | Reached skill level 6 in Long Blades
  4134 | D:6      | Reached * piety under Okawaru
  4270 | D:6      | Found a glowing drain.
  4328 | Sewer    | Entered a sewer
  4788 | D:6      | Found a hide-covered altar of Uskayaw.
  4906 | D:6      | Found Imosk's Book Shop.
  5130 | D:7      | Noticed Joseph
  5143 | D:7      | Killed Joseph
  5143 | D:7      | Reached ** piety under Okawaru
  5143 | D:7      | Reached skill level 7 in Long Blades
  5143 | D:7      | Reached XP level 9. HP: 36/69 MP: 11/11
  5342 | D:7      | Found a burning altar of Makhleb.
  5440 | D:7      | Noticed Pikel
  5486 | D:7      | Killed Pikel
  5486 | D:7      | Reached *** piety under Okawaru
  5665 | D:7      | Found a basalt altar of Yredelemnul.
  5744 | D:7      | Reached skill level 8 in Long Blades
  5759 | D:7      | Noticed Menkaure
  5770 | D:7      | Reached XP level 10. HP: 39/77 MP: 10/13
  5775 | D:7      | Killed Menkaure
  6020 | D:7      | Noticed a green ugly thing
  6036 | D:7      | Killed a green ugly thing
  6036 | D:7      | Reached skill level 5 in Invocations
  6794 | D:8      | Found an ornate altar of the Wu Jian Council.
  6888 | D:8      | Reached skill level 9 in Long Blades
  6906 | D:8      | Reached **** piety under Okawaru
  7111 | D:8      | Found a hazy altar of Hepliaklqana.
  7261 | D:8      | Found an ancient bone altar of Kikubaaqudgha.
  7482 | D:9      | Found a sparkling altar of Nemelex Xobeh.
  7486 | D:9      | Found Apext's Food Boutique.
  7625 | D:9      | Found a glowing silver altar of Zin.
  7645 | D:9      | Reached XP level 11. HP: 74/86 MP: 15/15
  7666 | D:9      | Reached ***** piety under Okawaru
  7717 | D:9      | Found a staircase to the Orcish Mines.
  8183 | D:9      | Reached skill level 10 in Long Blades
  8470 | D:10     | Entered Level 10 of the Dungeon
  8490 | D:10     | Noticed Grum
  8729 | D:10     | Killed Grum
  8789 | D:10     | Noticed HAL9000's ghost (journeyman VSAs)
  8795 | D:10     | Killed HAL9000's ghost
  8795 | D:10     | Received a gift from Okawaru
  8834 | D:10     | Noticed Maurice
  8862 | D:10     | Killed Maurice
  9453 | D:11     | Noticed a two-headed ogre
  9457 | D:11     | Reached XP level 12. HP: 83/95 MP: 17/17
  9458 | D:11     | Noticed Erolcha
  9461 | D:11     | Killed a two-headed ogre
  9461 | D:11     | Reached skill level 11 in Long Blades
  9469 | D:11     | Killed Erolcha
  9469 | D:11     | Reached skill level 10 in Shields
  9488 | D:11     | Noticed a two-headed ogre
  9819 | D:11     | Found a staircase to the Lair.
  9847 | D:11     | Killed a two-headed ogre
 10803 | Lair:1   | Entered Level 1 of the Lair of Beasts
 10841 | Lair:1   | Reached ****** piety under Okawaru
 11648 | Lair:2   | Reached skill level 12 in Long Blades
 11658 | Lair:2   | Received a gift from Okawaru
 11662 | Lair:2   | Reached skill level 10 in Armour
 11666 | Lair:2   | Reached XP level 13. HP: 102/103 MP: 19/19
 11677 | Lair:2   | Noticed Gastronok
 11691 | Lair:2   | Reached skill level 10 in Fighting
 11705 | Lair:2   | Killed Gastronok
 11711 | Lair:2   | Noticed a four-headed hydra
 11724 | Lair:2   | Killed a nine-headed hydra
 11761 | Lair:2   | Found a hole to the Spider Nest.
 11769 | Lair:2   | Noticed a four-headed hydra
 11782 | Lair:2   | Killed a ten-headed hydra
 12269 | Lair:2   | Found a frozen archway.
 12278 | IceCv    | Entered an ice cave
 12323 | IceCv    | Reached skill level 10 in Invocations
 12365 | IceCv    | HP: 5/104 [ice statue/bolt of cold (29)]
 12366 | IceCv    | Engulfed by a cloud of freezing vapour

Vault maps used:
D:1:      denvon_arrival_planthouse
D:2:      nicolae_gozag_cash_rules_everything_around_me, minmay_quantized
D:3:      kb_xom_exploding_sheep, first_bread, fedhas_altar_3
D:4:      lemuel_doored_altar, nicolae_ru_path_of_blood, temple_statues,
          serial_shops, nicolae_shop_waterfront, minmay_checkerbox
D:5:      old_standard_altar, elyvilon_altar_4
D:6:      slow_altar_1, kennysheep_mini, gup_sewer_entry_pipe, serial_shops,
          nicolae_shop_behind_doors, kennysheep_mini_moat, shop_fountains, shop
D:7:      lemuel_zombie_altar_yredelemnul, lightli_temple_of_fire, the_bakery,
          uniq_menkaure, uniq_joseph, uniq_pikel
D:8:      lemuel_crystal_altar, lemuel_mausoleum_altar_kikubaaqudgha,
          lemuel_crystal_altar
D:9:      kennysheep_little_box, overflow_temple_1_default, zombieorc1_lemuel,
          serial_shops, shop_statue, lemuel_flamethrower_hall
D:10:     pond, uniq_maurice, uniq_grum
D:11:     grunt_lair_entry_orc_guard_hut, uniq_erolcha
D:12:     st_stairs_13, kennysheep_generic_room_10, uniq_urug
Temple:   corrupted_temple
Lair:1:   lemuel_fruit_tree
Lair:2:   spider_nest_entry_webs, portal_ice_cave_demonic_guard, minmay_holes,
          grunt_megastairs_2, infiniplex_staircase_pool, serial_bayou_shore_a,
          uniq_gastronok
Sewer:    sewer_co_15_rooms
IceCv:    ice_cave_small_dragons

Skill      XL: |  1  2  3  4  5  6  7  8  9 10 11 12 13 |
---------------+----------------------------------------+-----
Shields        | 4 5 6 7 8 9 10 11 | 11.5
Long Blades    | 3 4 5 7 8 9 10 12 | 12.8
Armour         | 4 5 6 7 9 10 | 10.6
Fighting       | 4 5 6 7 9 10 | 10.5
Invocations    | 3 4 6 7 9 10 | 10.0

Action                   |  1- 3 |  4- 6 |  7- 9 | 10-12 | 13-15 || total
-------------------------+-------+-------+-------+-------+-------++-------
Melee: Long sword        |    83 |   167 |   378 |       |       ||   628
       Scimitar          |       |       |    15 |   704 |   136 ||   855
       Unarmed           |       |       |       |    18 |       ||    18
Invok: Heroism           |       |       |     4 |     8 |     3 ||    15
 Abil: Dig               |       |       |       |     3 |     2 ||     5
  Use: Scroll            |     1 |     8 |     1 |     9 |       ||    19
       Potion            |       |     6 |     3 |     3 |     2 ||    14
  Eat: Chunk             |     1 |     4 |     7 |    19 |     2 ||    33
       Fruit             |       |       |     1 |     5 |       ||     6
       Bread ration      |       |       |     1 |       |       ||     1
Armor: Scale mail        |    31 |    91 |   128 |   173 |    39 ||   462
       Skin              |       |       |       |     3 |       ||     3
Dodge: Dodged            |    30 |    65 |   138 |   166 |    35 ||   434
Block: Shield            |    48 |   100 |   188 |   349 |    77 ||   762
       Rpst.: Long sword |     7 |    18 |    35 |       |       ||    60
       Scimitar          |       |       |     1 |    40 |     9 ||    50

Table legend:
 A = Spawn XP
 B = Non-spawn XP
 C = Spawn XP percentage of total XP
 D = Spawn monster count
 E = Non-spawn monster count
 F = Spawn count percentage of total count
 G = Total turns spent on level
                    A         B        C        D         E        F      G
               +---------+---------+-------+---------+---------+-------+---------
         Total |       0 |   37345 |   0.0 |       0 |     359 |   0.0 | 12366
               +---------+---------+-------+---------+---------+-------+---------
           D:1 |       0 |      14 |   0.0 |       0 |       9 |   0.0 |   681
           D:2 |       0 |      45 |   0.0 |       0 |      15 |   0.0 |   599
           D:3 |       0 |     300 |   0.0 |       0 |      36 |   0.0 |   914
           D:4 |       0 |     409 |   0.0 |       0 |      14 |   0.0 |   922
           D:5 |       0 |     239 |   0.0 |       0 |       8 |   0.0 |   674
           D:6 |       0 |     690 |   0.0 |       0 |      25 |   0.0 |   952
           D:7 |       0 |    3235 |   0.0 |       0 |      34 |   0.0 |  1432
           D:8 |       0 |    2282 |   0.0 |       0 |      34 |   0.0 |   936
           D:9 |       0 |    2167 |   0.0 |       0 |      44 |   0.0 |  1215
          D:10 |       0 |    4732 |   0.0 |       0 |      30 |   0.0 |   653
          D:11 |       0 |    6743 |   0.0 |       0 |      44 |   0.0 |  1445
          D:12 |       0 |     397 |   0.0 |       0 |       1 |   0.0 |    11
        Lair:1 |       0 |    2327 |   0.0 |       0 |       8 |   0.0 |   822
        Lair:2 |       0 |   11288 |   0.0 |       0 |      27 |   0.0 |   653
         Sewer |       0 |     245 |   0.0 |       0 |      17 |   0.0 |   318
         IceCv |       0 |    2232 |   0.0 |       0 |      13 |   0.0 |    88
               +---------+---------+-------+---------+---------+-------+---------
